 Dungeon Crawl Stone Soup version 0.13-a0-2816-gd8154f0 (webtiles) character file.

96664 Edwin the Reanimator (level 15, 0/94 HPs)
             Began as a Mummy Necromancer on Aug 23, 2013.
             Was an Elder of Vehumet.
             Slain by Agnes
             ... wielding a +0,+0 lajatang
              (20 damage)
             ... on Level 15 of the Dungeon on Aug 26, 2013.
             The game lasted 07:08:46 (94799 turns).

Edwin the Reanimator (Mummy Necromancer)           Turns: 94799, Time: 07:08:46

HP   0/94        AC 14     Str  7      XL: 15   Next: 66%
MP   0/34        EV 13     Int 19      God: Vehumet [****..]
Gold 1236        SH  0     Dex 12      Spells:  8 memorised, 15 levels left

Res.Fire  : x . .   See Invis. : .   N - +12,+6 dagger "Sudd" {elec, +Blink}
Res.Cold  : + . .   Warding    : +   r - +7 leather armour of the Farrier {+Fly rEl Life Prot.: + + + Conserve : . (no shield)
Res.Poison: +       Res.Corr.  : .   (no helmet)
Res.Elec. : +       Clarity    : .   k - +0 cloak
Sust.Abil.: . .     Spirit.Shd : .   A - +2 pair of gloves
Res.Mut.  : .       Stasis     : .   (no boots)
Res.Rott. : +       Flight     : .   s - amulet of warding
Saprovore : . . .                    q - ring of protection from magic
                                     x - ring of wizardry

@: about to teleport, very resistant to hostile enchantments, unstealthy
A: no food or potions, fire vulnerability, in touch with death, restore body,
cold resistance 1, life protection 3, poison resistance, torment resistance,
unbreathing
a: Self-Restoration, Renounce Religion, Evoke Blink, Evoke Flight


You were on level 15 of the Dungeon.
You worshipped Vehumet.
Vehumet was extremely pleased with you.
You were not hungry.

You visited 6 branches of the dungeon, and saw 30 of its levels.

You collected 2430 gold pieces.
You spent 1214 gold pieces at shops.

Inventory:

Hand weapons
 N - the +12,+6 dagger "Sudd" (weapon) {elec, +Blink}
   (You found it on level 8 of the Lair of Beasts)

   Occasionally, upon striking a foe, it will discharge some electrical energy
   and cause terrible harm.
   It lets you blink.
Armour
 a - a +2 robe of fire resistance
 k - a +0 cloak (worn)
 o - a +2 leather armour of cold resistance
 r - the +7 leather armour of the Farrier (worn) {+Fly rElec Str-4 Acc+3}
   (You took it off a hobgoblin on level 9 of the Dungeon)

   It affects your strength (-4).
   It affects your accuracy (+3).
   It insulates you from electricity.
   It lets you fly.
 A - a +2 pair of gloves (worn)
Magical devices
 f - a wand of paralysis (13)
 p - a wand of polymorph (5)
 y - a wand of confusion (9)
 B - a wand of cold (7)
 D - a wand of disintegration (3) {unknown}
 E - a wand of lightning (0)
 L - a wand of fire (2)
Scrolls
 b - a scroll of magic mapping
 c - 4 scrolls of remove curse
 d - a scroll of amnesia
 e - a scroll of identify
 h - 2 scrolls of blinking
 i - a scroll of teleportation
Jewellery
 g - an uncursed ring of protection from magic
 j - an uncursed ring of see invisible
 n - an uncursed ring of protection from fire
 q - a ring of protection from magic (right hand)
 s - an amulet of warding (around neck)
 x - a ring of wizardry (left hand)
 G - an uncursed ring of protection from fire
 H - the ring of Chegaeda {SustAb Str-2}
   (You found it on level 7 of the Lair of Beasts)

   [ring of sustain abilities]

   It affects your strength (-2).
 K - an uncursed ring of ice
Books
 l - a book of Death

   Spells                             Type                      Level
   Corpse Rot                         Necromancy                   2
   Sublimation of Blood               Necromancy                   2
   Agony                              Necromancy                   5
   *Dispel Undead                     Necromancy                   5
   Excruciating Wounds                Charms/Necromancy            5
   *Bolt of Draining                  Conjuration/Necromancy       6


   Skills:
 - Level 2.2 Fighting
 - Level 7.0 Dodging
 - Level 1.5 Stealth
 + Level 14.4 Spellcasting
 - Level 11.0 Conjurations
 + Level 14.5 Necromancy
 - Level 8.9 Air Magic


You had 15 spell levels left.
You knew the following spells:

 Your Spells              Type           Power        Failure   Level  Hunger
a - Pain                  Necr           ####         0%          1    N/A
b - Animate Skeleton      Necr           N/A          0%          1    N/A
c - Animate Dead          Necr           N/A          1%          4    N/A
d - Control Undead        Necr           #######...   1%          4    N/A
e - Searing Ray           Conj           ######       1%          2    N/A
f - Airstrike             Air            #####.....   1%          4    N/A
g - Dispel Undead         Necr           #######.     1%          5    N/A
h - Bolt of Draining      Conj/Necr      #######...   1%          6    N/A

Dungeon Overview and Level Annotations

Branches:
Dungeon (15/27)            Temple (1/1) D:6             Orc (4/4) D:6
    Elf (1/3) Orc:3          Lair (8/8) D:13         Shoals (1/5) Lair:3
  Snake (0/5) Lair:6        Slime (0/6) Lair:8
 Vaults: D:15-20

Altars:
Ashenzari
Cheibriados
Elyvilon
Fedhas
Kikubaaqudgha
Makhleb
Nemelex Xobeh
Okawaru
Sif Muna
Trog
Vehumet
Xom
Yredelemnul
Zin
the Shining One
Beogh

Shops:
D:10 /   D:11 **   D:13 [   D:14 (   D:15 *(   Orc:1 (   Orc:4 (

Annotations:
D:3 simpaon's ghost, average OpTm
D:5 Crazy Yiuf
D:6 exclusion: upstairs
D:15 Agnes
Orc:3 Josephine
Orc:4 Erolcha


Innate Abilities, Weirdness & Mutations

You do not eat or drink.
Your flesh is vulnerable to fire.
You are in touch with the powers of death.
You can restore your body by infusing magical energy.
Your flesh is cold resistant.
You are immune to negative energy.
Your system is resistant to poisons.
You are immune to unholy pain and torment.
You can survive without breathing.


Message History

There is an open door here.
Agnes closely misses you.
Your yaktaur zombie closely misses Agnes.
Agnes barely misses you.
Casting: Bolt of Draining
Confirm with . or Enter, or press ? or * to list all spells.
Aiming: Airstrike
Press: ? - help, Dir - move target cursor, f/p - Agnes
Aim: Agnes, wielding a lajatang and wearing an elven robe (heavily wounded, moving very quickly)
The air twists around and strikes Agnes!
Agnes is heavily wounded.
Agnes hits you with a lajatang!
Agnes says, "I need a new robe.
I'll buy it with your money." Agnes hits you with a lajatang.
Read which item? (? for menu, Esc to quit)
As you read the scroll of teleportation, it crumbles to dust.
You feel strangely unstable. Agnes hits you with a lajatang!
* * * LOW HITPOINT WARNING * * *
Agnes hits you with a lajatang!
You die...

############# ######
#...........# ......#
#...........##### ..%...#
#..........@i...# ......#
#...........#.#.##......#
###...........#.Z..(......#
#.'...........###.##......#
####(#...........# #.#
......# ...((#...........#
#.# ..=...#
>....#...........# #.#
......# ######........(..#
#.# ...... ######'######
#.# ...i.


You could see Agnes and a friendly yaktaur zombie.

Vanquished Creatures
  Kirke (D:13)
  9 hydras
  3 death yaks
  The ghost of temujin the Fencer, an experienced MiBe of Trog (Lair:1)
  An orc high priest (Orc:3)
  2 centaur warriors (D:12)
  The ghost of 4tharraofdagon the Thaumaturge, an experienced DjFE of Makhleb (D:12)
  Urug (Orc:3)
  A skeletal warrior (D:12)
  An unseen horror (shapeshifter) (D:15)
  The ghost of 4tharraofdagon the Cleaver, an experienced DjBe of Trog (Orc:3)
  3 hill giants
  An unseen horror (D:15)
  An orc sorcerer (Orc:2)
  Joseph (D:13)
  3 griffons
  4 black mambas
  Maurice (D:12)
  6 elephants
  A queen ant (Lair:2)
  Psyche (D:11)
  5 yaktaurs (D:15)
  11 spiny frogs
  4 hydra zombies
  3 fire drakes
  A giant firefly (shapeshifter) (D:13)
  Sonja (Orc:4)
  A hydra skeleton (D:14)
  9 komodo dragons
  A baby alligator (shapeshifter) (D:15)
  5 trolls
  13 slime creatures
  A griffon zombie (D:15)
  2 two-headed ogres
  19 blink frogs
  A basilisk (shapeshifter) (D:12)
  A wraith (D:10)
  2 shadows
  41 yaks
  3 hogs
  17 ugly things
  A hungry ghost (D:10)
  3 wyverns
  2 sharks (D:11)
  A hill giant zombie (D:15)
  2 steam dragons (D:8)
  8 hippogriffs
  6 wolves
  2 hill giant skeletons (D:14)
  4 vampire mosquitoes (D:15)
  15 porcupines
  11 crocodiles
  2 necrophages
  21 orc warriors
  7 soldier ants
  6 giant goldfish
  A mottled dragon (D:13)
  6 ice beasts
  3 black bears
  10 ogres
  3 phantoms
  5 sky beasts
  2 boring beetles (Lair:8)
  7 centaurs
  2 wargs
  A yaktaur zombie (D:15)
  2 brain worms (D:13)
  21 giant frogs
  6 giant slugs
  8 big kobolds
  14 water moccasins
  4 agate snails
  2 cyclops skeletons (D:14)
  2 jellyfish (Lair:5)
  A troll zombie (D:11)
  17 killer bees
  A yak zombie (D:10)
  A rock worm zombie (D:14)
  3 wights (D:13)
  3 eyes of draining (D:12)
  A troll skeleton (D:7)
  2 goliath beetles
  3 crimson imps
  2 giant frog zombies
  A centaur zombie (D:12)
  3 scorpions
  3 electric eels (D:11)
  13 hounds
  7 jellies
  3 big fish (Lair:5)
  A giant frog skeleton (D:7)
  23 orc priests
  A warg zombie (Orc:4)
  8 iguanas
  A two-headed ogre skeleton (D:11)
  27 orc wizards
  30 worker ants
  19 sheep
  4 boggarts (D:15)
  Terence (D:2)
  A hound skeleton (D:10)
  3 mummies
  27 adders
  59 green rats
  4 giant mites
  8 giant centipedes
  A goliath beetle zombie (D:7)
  9 worms
  A scorpion zombie (D:7)
  4 giant eyeballs
  11 giant geckos
  4 oozes (Lair:8)
  187 orcs
  A ball python (D:5)
  23 bats
  A bat zombie (D:5)
  5 giant cockroaches
  A gnoll zombie (D:5)
  22 goblins
  17 hobgoblins
  22 jackals
  43 kobolds
  9 quokkas
  8 giant newts
  10 giant spores
  A goblin skeleton (D:4)
  An orc simulacrum (Orc:4)
  An orc skeleton (D:5)
  A quokka skeleton (D:4)
  19 rats
  27 ballistomycetes
  A butterfly (D:2)
1086 creatures vanquished.

Vanquished Creatures (collateral kills)
  A dire elephant (Lair:7)
  7 hydras
  Erica (D:12)
  2 death yaks (Lair:7)
  A deep troll shaman (Lair:7)
  3 catoblepae
  A centaur warrior (D:10)
  2 skeletal warriors (D:13)
  A sea snake (Lair:3)
  Pikel (D:8)
  4 hill giants
  An orc knight (D:12)
  A cyclops (D:13)
  17 elephants
  2 black mambas
  A fire drake (Lair:7)
  4 spiny frogs
  2 trolls
  6 komodo dragons
  5 slime creatures
  A grizzly bear (Lair:8)
  2 blink frogs
  3 ugly things (D:12)
  2 sharks
  31 yaks
  A trapdoor spider (D:12)
  2 water elementals (D:10)
  2 wyverns (Lair:7)
  An elephant slug (Lair:7)
  Eustachio (D:7)
  A steam dragon (D:10)
  A shadow (D:10)
  2 wraiths
  4 hippogriffs
  A hog (D:13)
  4 soldier ants
  5 wolves
  5 orc warriors
  A yellow wasp (D:12)
  2 black bears
  3 sky beasts
  2 ice beasts
  A giant goldfish (D:9)
  2 ogres
  2 phantoms
  A warg (Orc:3)
  A giant slug (Lair:6)
  4 water moccasins
  2 crocodiles
  A big kobold (D:10)
  Blork the orc (D:5)
  4 giant frogs
  A komodo dragon skeleton (D:8)
  9 agate snails
  A cyclops skeleton (D:14)
  2 jellyfish (D:9)
  3 killer bees
  3 jellies
  4 wights (D:10)
  2 orc priests (Orc:3)
  6 crimson imps
  A two-headed ogre zombie (D:11)
  A big fish (D:9)
  2 hounds
  7 orc wizards
  An iguana (Lair:3)
  2 scorpions (D:10)
  7 worker ants
  A sky beast zombie (D:11)
  5 sheep
  A big kobold skeleton (D:10)
  A hound zombie (D:8)
  A mummy (D:10)
  A worker ant zombie (D:9)
  24 green rats
  A giant mite (Lair:1)
  4 adders
  A giant centipede (D:12)
  An ufetubus (Orc:2)
  An adder skeleton (D:5)
  42 orcs
  2 hobgoblins
  7 jackals
  A kobold (D:10)
  A bat (D:2)
  A giant gecko (D:6)
  A giant newt (D:5)
  2 hobgoblin skeletons
  A kobold zombie (D:8)
  A quokka (D:6)
  A quokka zombie (D:9)
  2 rats
  11 ballistomycetes
  2 butterflies (D:2)
  6 fungi
  6 plants
340 creatures vanquished.

Vanquished Creatures (others)
  A death yak zombie (Lair:8)
  Grinder (D:6)
  2 hydra zombies (Lair:7)
  2 griffon zombies (Lair:8)
  A deep troll zombie (Lair:7)
  2 black mamba zombies
  3 agate snail zombies
  4 human skeletons (Lair:8)
  3 spiny frog zombies
  10 elephant zombies
  An ice beast (D:9)
  2 slaves (D:9)
  3 blink frog zombies
  A phantom (D:6)
  3 fire drake zombies
  3 hog zombies
  An ugly thing zombie (D:12)
  2 giant slug zombies
  6 komodo dragon zombies
  A wyvern zombie (Lair:7)
  A grizzly bear zombie (Lair:8)
  19 yak zombies
  A shark zombie (D:11)
  A human zombie (D:13)
  A troll zombie (D:10)
  4 hippogriff zombies
  A yak skeleton (D:12)
  A boring beetle zombie (Lair:8)
  2 centaur zombies
  8 wolf zombies
  6 water moccasin zombies
  9 giant frog zombies
  3 soldier ant zombies
  A warg zombie (Orc:3)
  A black bear zombie (D:12)
  8 porcupine zombies
  A worker ant (D:9)
  6 killer bee zombies
  4 big kobold zombies
  A brain worm zombie (D:13)
  A mottled dragon zombie (D:13)
  2 sky beast zombies
  5 crocodile zombies
  4 ogre zombies
  6 hound zombies
  3 big fish zombies (Lair:5)
  2 steam dragon zombies
  15 worker ant zombies
  2 worm zombies
  An adder (D:8)
  A goliath beetle zombie (D:8)
  9 adder zombies
  2 electric eel zombies (D:11)
  A giant centipede zombie (Lair:6)
  11 sheep zombies
  2 adder skeletons (D:2)
  An electric eel skeleton (D:11)
  3 iguana zombies
  4 orcs
  2 bat skeletons (D:2)
  8 bat zombies
  A giant mite zombie (Lair:4)
  2 kobolds
  A ball python zombie (D:5)
  2 giant gecko zombies
  A giant newt skeleton (D:2)
  A giant newt zombie (D:5)
  10 giant spores
  A goblin (Orc:4)
  2 goblin skeletons
  7 goblin zombies
  32 green rat zombies
  2 hobgoblin skeletons (D:2)
  4 hobgoblin zombies
  2 jackal skeletons (D:3)
  10 jackal zombies
  2 kobold skeletons (D:3)
  17 kobold zombies
  3 orc skeletons
  96 orc zombies
  A quokka skeleton (D:2)
  2 quokka zombies
  3 rats
  A rat skeleton (D:4)
  6 rat zombies
  6 ballistomycetes
  A bush (Lair:8)
  41 fungi
  37 plants
510 creatures vanquished.

Grand Total: 1936 creatures vanquished

Notes
Turn   | Place    | Note
--------------------------------------------------------------
     0 | D:1      | Edwin, the Mummy Necromancer, began the quest for the Orb.
     0 | D:1      | Reached XP level 1. HP: 13/13 MP: 3/3
   169 | D:1      | Learned a level 1 spell: Animate Skeleton
   618 | D:1      | Reached XP level 2. HP: 17/19 MP: 2/4
  1506 | D:2      | Reached XP level 3. HP: 24/24 MP: 1/7
  2207 | D:2      | Reached XP level 4. HP: 30/30 MP: 7/9
  3143 | D:3      | Noticed simpaon's ghost (average OpTm)
  3325 | D:3      | Noticed Terence
  3590 | D:2      | Killed Terence
  4154 | D:3      | Reached XP level 5. HP: 35/35 MP: 7/12
  5107 | D:4      | Noticed an ogre
  5757 | D:4      | Learned a level 4 spell: Animate Dead
  5938 | D:4      | Reached skill level 5 in Necromancy
  5938 | D:4      | Reached XP level 6. HP: 33/41 MP: 9/15
  6061 | D:4      | Noticed an ice beast
  6131 | D:4      | Reached skill level 5 in Spellcasting
  6450 | D:4      | Killed an ogre
  7058 | D:4      | Found a white marble altar of Elyvilon.
  7073 | D:4      | Killed an ice beast
  7073 | D:4      | Reached XP level 7. HP: 46/46 MP: 18/18
  7081 | D:4      | Found an ancient bone altar of Kikubaaqudgha.
  7523 | D:5      | Entered Level 5 of the Dungeon
  7709 | D:5      | Reached skill level 6 in Spellcasting
  7990 | D:5      | Noticed Blork the orc
  7992 | D:5      | Paralysed by a giant eyeball for 2 turns
  8020 | D:5      | Killed Blork the orc
  8494 | D:5      | Your ally Blork died
  9217 | D:5      | Noticed Crazy Yiuf
  9253 | D:5      | Edwin: gibt nichts zu zeigen
  9253 | D:5      | topse123: spiel ne runde
  9253 | D:5      | topse123: dann seh ich was du machst ^^
  9253 | D:5      | topse123: oder bist am Verrecken?
  9253 | D:5      | Edwin: !!!
  9253 | D:5      | topse123: xD
  9253 | D:5      | Edwin: bin am wegrennen^^
  9253 | D:5      | Edwin: 1 sek afk
  9253 | D:5      | Edwin: dann go
  9253 | D:5      | Edwin: go :D
  9435 | D:6      | Reached XP level 8. HP: 32/52 MP: 11/21
  9560 | D:6      | topse123: lol
  9568 | D:6      | Reached skill level 7 in Necromancy
  9600 | D:6      | Killed Grinder
  9981 | D:6      | topse123: na immerhin
  9983 | D:6      | Edwin: ja vorallem schon nen wizard ring find ich ok^^
  9987 | D:6      | topse123: jo, der is geil
 10021 | D:6      | topse123: was kannst du noch lernen?
 10021 | D:6      | Edwin: untote sind halt assi gegner
 10021 | D:6      | topse123: jop
 10021 | D:6      | topse123: geil, Confuse :)
 10021 | D:6      | topse123: das hilft oft mal
 10021 | D:6      | topse123: oder halt control undead gegen untote ^^
 10021 | D:6      | Edwin: na ja
 10021 | D:6      | Edwin: das ist ja nur temporär
 10021 | D:6      | topse123: ja ...
 10021 | D:6      | topse123: aber manchmal ueberlebenswichtig
 10021 | D:6      | Edwin: ich wees och noch nicht welchen gott
 10021 | D:6      | topse123: Enslavement hat mir schon oft den Arsch gerettet ^^ und das is ja aehnlich
 10021 | D:6      | topse123: hm
 10021 | D:6      | Edwin: kikku find ich sinnlos, brauche keine leichen
 10021 | D:6      | topse123: naja, zum Aufwecken ^^
 10021 | D:6      | Edwin: vehumet is geil, bringt aber keine bücher mehr seit neuestem irgendwie
 10021 | D:6      | topse123: dann haste ne untotenarmee
 10021 | D:6      | topse123: koennte auch skypen ^^
 10021 | D:6      | Edwin: hmn stimmt
 10021 | D:6      | Edwin: jop skyxpe
 10021 | D:6      | topse123: wenn mein I-net das durchhaelt ^^
 10034 | D:6      | Learned a level 4 spell: Control Undead
 10095 | D:6      | Found a staircase to the Orcish Mines.
 12116 | D:6      | Found a staircase to the Ecumenical Temple.
 12126 | Temple   | Entered the Ecumenical Temple
 12267 | Temple   | Became a worshipper of Vehumet
 12460 | Orc:1    | Entered Level 1 of the Orcish Mines
 13084 | D:7      | Reached skill level 8 in Necromancy
 13118 | D:7      | Found a deep blue altar of Sif Muna.
 13610 | D:7      | Noticed Eustachio
 13623 | D:7      | Killed Eustachio
 13623 | D:7      | Reached XP level 9. HP: 47/57 MP: 6/23
 13942 | D:7      | Acquired Vehumet's first power
 13942 | D:7      | Offered knowledge of Sandblast by Vehumet.
 14229 | D:7      | Upgraded the game from 0.13-a0-2772-g9cbdda8 to 0.13-a0-2776-g5b28ffd
 15534 | D:8      | Paralysed by a giant eyeball for 4 turns
 16161 | D:7      | Offered knowledge of Searing Ray by Vehumet.
 16357 | D:7      | Learned a level 2 spell: Searing Ray
 16578 | D:8      | Found a shimmering altar of Xom.
 16625 | D:8      | Reached skill level 1 in Conjurations
 16830 | D:8      | Reached skill level 9 in Necromancy
 17324 | D:8      | Found a shimmering altar of Xom.
 17805 | D:8      | Reached skill level 5 in Dodging
 18263 | D:8      | Found a shimmering altar of Xom.
 18416 | D:9      | Noticed Pikel
 18707 | D:8      | Killed Pikel
 18707 | D:8      | Reached XP level 10. HP: 55/63 MP: 20/26
 18845 | D:9      | Got a slimy leather armour
 18852 | D:9      | Identified the +7 leather armour of the Farrier {+Fly rElec Str-4 Acc+3} (You took it off a hobgoblin on level 9 of the Dungeon)
 20630 | D:10     | Entered Level 10 of the Dungeon
 20651 | D:10     | Reached skill level 10 in Necromancy
 20787 | D:10     | Found Qiofaimu's Magical Wand Shoppe.
 20789 | D:10     | Noticed a hill giant
 21352 | D:10     | Offered knowledge of Stone Arrow by Vehumet.
 21396 | D:10     | Killed a hill giant
 22349 | D:10     | Acquired Vehumet's second power
 22709 | D:10     | Reached skill level 5 in Conjurations
 23058 | D:11     | Found Laleg's General Store.
 23569 | D:11     | Reached XP level 11. HP: 50/68 MP: 27/27
 23714 | D:11     | Noticed a hill giant
 23863 | D:11     | Noticed Psyche
 23868 | D:11     | Killed Psyche
 25968 | D:10     | Killed a hill giant
 27182 | D:11     | Found Croleb's General Store.
 27651 | D:12     | Noticed 4tharraofdagon's ghost (experienced DjFE)
 27971 | D:12     | Noticed a centaur warrior
 28123 | D:10     | Reached skill level 10 in Spellcasting
 28703 | D:10     | Offered knowledge of Airstrike by Vehumet.
 28709 | D:10     | Learned a level 4 spell: Airstrike
 28936 | D:5      | Reached skill level 1 in Fighting
 30049 | Orc:1    | Found Ofej's Weapon Shop.
 30758 | Orc:2    | Reached skill level 1 in Air Magic
 31100 | Orc:2    | Acquired Vehumet's third power
 32328 | Orc:3    | Found a staircase to the Elven Halls.
 32339 | Orc:3    | Noticed a sun demon
 32440 | Orc:3    | Offered knowledge of Throw Icicle by Vehumet.
 33305 | Orc:3    | Noticed 4tharraofdagon's ghost (experienced DjBe)
 33454 | Orc:4    | Entered Level 4 of the Orcish Mines
 33454 | Orc:4    | Found Brony's Weapon Shoppe.
 34169 | Orc:3    | Killed 4tharraofdagon's ghost
 35037 | Orc:2    | Noticed an orc high priest
 35039 | Orc:2    | Noticed a sun demon
 35046 | Orc:2    | Noticed a soul eater
 35047 | Orc:2    | Noticed an ice devil
 35508 | Orc:2    | Noticed a sun demon
 35512 | Orc:2    | Noticed a sun demon
 35969 | Orc:2    | Noticed an ice devil
 35972 | Orc:2    | Noticed a sun demon
 36212 | Orc:3    | Killed an orc high priest
 36212 | Orc:3    | Reached XP level 12. HP: 48/77 MP: 6/29
 36551 | Orc:4    | Noticed Urug
 37043 | Orc:3    | Killed Urug
 37779 | Orc:4    | Upgraded the game from 0.13-a0-2776-g5b28ffd to 0.13-a0-2805-g83f2281
 37814 | Orc:4    | Noticed Erolcha
 38091 | Orc:4    | Found a roughly hewn altar of Beogh.
 38376 | Elf:1    | Entered Level 1 of the Elven Halls
 39246 | Orc:4    | Offered knowledge of Orb of Destruction by Vehumet.
 39441 | Orc:4    | Noticed Sonja
 39448 | Orc:4    | Killed Sonja
 40265 | Orc:4    | Noticed Josephine
 40464 | Orc:1    | Upgraded the game from 0.13-a0-2805-g83f2281 to 0.13-a0-2808-gda3a3b1
 41555 | D:12     | Noticed a centaur warrior
 42449 | D:12     | Killed a centaur warrior
 42636 | D:12     | Killed a centaur warrior
 42947 | D:11     | Noticed a four-headed hydra
 42961 | D:10     | Killed a four-headed hydra
 42961 | D:10     | Reached skill level 5 in Air Magic
 44362 | D:12     | Killed 4tharraofdagon's ghost
 46527 | D:13     | Noticed Maurice
 46537 | D:12     | Killed Maurice
 47301 | D:13     | Found Faregyir's Armour Boutique.
 47422 | D:13     | Noticed Erica
 48553 | D:12     | Killed Erica
 48553 | D:12     | Reached XP level 13. HP: 42/82 MP: 6/30
 49563 | D:13     | Noticed Joseph
 49609 | D:13     | Killed Joseph
 49902 | D:13     | Your ally Joseph died
 50051 | D:12     | topse123: un nu?
 50813 | D:11     | Reached skill level 10 in Conjurations
 51636 | D:13     | Found a burning altar of Makhleb.
 52250 | D:13     | topse123: du hast ja ueberlebt xD
 52256 | D:13     | topse123: wie haste das gemacht?
 52263 | D:13     | Edwin: lol
 52263 | D:13     | topse123: :D
 52263 | D:13     | Edwin: paar yaks
 52263 | D:13     | Edwin: easy
 52263 | D:13     | topse123: k
 52263 | D:13     | Edwin: !!!
 52263 | D:13     | topse123: oh ja
 52263 | D:13     | Edwin: keine chance
 52263 | D:13     | topse123: die sind heavy
 52263 | D:13     | Edwin: einer wurschtet shocn rum
 52265 | D:13     | Noticed a four-headed hydra
 52276 | D:13     | Killed a four-headed hydra
 52323 | D:13     | Edwin: kann die pilz-sache eskalieren?
 52362 | D:13     | topse123: weiss nicht
 52367 | D:13     | topse123: hatte auch schonmal ein level voll damit
 52372 | D:12     | topse123: war auch nicht schlimm, kp was die macht
 52372 | D:12     | Edwin: kk
 52372 | D:12     | Edwin: aber das vieh is schlimm!!
 52372 | D:12     | Edwin: aber
 52372 | D:12     | Edwin: die treppen hier sind geil
 52376 | D:13     | topse123: hehe
 52449 | D:13     | Edwin: tja un nu?
 52449 | D:13     | topse123: keine Ahnung
 52449 | D:13     | topse123: ich dache auch immer die kommen in packs
 52449 | D:13     | Edwin: jop hab 2 mind schon gesehen
 52449 | D:13     | Edwin: hab noch nicht mal liar gefunden =(
 52449 | D:13     | topse123: wow
 52449 | D:13     | topse123: naja, kommt bestimmt bald
 52449 | D:13     | topse123: da haste dann einfaches spiel
 52449 | D:13     | Edwin: muss zw-8 und 13 kommen angeblich
 52449 | D:13     | Edwin: wir sind 13^^
 52449 | D:13     | topse123: hm :D
 52449 | D:13     | topse123: dann bestimmt da oben
 52449 | D:13     | Edwin: toll :D
 53079 | D:13     | topse123: koennen sich die warrior heilen?
 53080 | D:13     | Edwin: skelette..... ja
 53080 | D:13     | Edwin: oder?
 53090 | D:13     | topse123: hm, weiss nicht genau
 53093 | D:13     | Edwin: sonst hätten die keinen balken
 53093 | D:13     | topse123: stimmt
 53093 | D:13     | Edwin: ^^
 53122 | D:13     | Edwin: silly
 53122 | D:13     | topse123: dann kommt der vllt auch mit hoch
 53122 | D:13     | Edwin: ja ... aber ob ich das will
 53128 | D:13     | Edwin: ob die zombies den killen
 53128 | D:13     | Edwin: wenn nicht hab ich nix gekonnt
 53128 | D:13     | topse123: gut, bin weg
 53630 | D:13     | Found a staircase to the Lair.
 53641 | Lair:1   | Entered Level 1 of the Lair of Beasts
 54568 | D:13     | Found an iron altar of Okawaru.
 56852 | Lair:1   | Noticed temujin's ghost (experienced MiBe)
 56864 | Lair:1   | Killed temujin's ghost
 57726 | Lair:2   | Got a fabulously ornate robe
 57735 | Lair:2   | Identified the cursed +2 robe of Geece {rF+ Int-2 Dam+3} (You found it on level 2 of the Lair of Beasts)
 60933 | Lair:2   | Reached skill level 11 in Conjurations
 64608 | Lair:3   | Found a staircase to the Shoals.
 64629 | Shoals:1 | Entered Level 1 of the Shoals
 67936 | Lair:3   | Reached XP level 14. HP: 88/88 MP: 16/31
 67946 | Lair:3   | Offered knowledge of Fireball by Vehumet.
 69777 | Lair:5   | Upgraded the game from 0.13-a0-2808-gda3a3b1 to 0.13-a0-2816-gd8154f0
 70906 | Lair:5   | Reached skill level 12 in Spellcasting
 72981 | Lair:5   | Offered knowledge of Fulminant Prism by Vehumet.
 74566 | Lair:6   | Found a staircase to the Snake Pit.
 76895 | Lair:7   | Got a steaming steel ring
 76896 | Lair:7   | Identified the ring of Chegaeda {SustAb Str-2} (You found it on level 7 of the Lair of Beasts)
 79990 | Lair:8   | Entered Level 8 of the Lair of Beasts
 80883 | Lair:7   | Reached skill level 13 in Spellcasting
 82000 | Lair:8   | Found a staircase to the Slime Pits.
 83847 | Lair:8   | Reached XP level 15. HP: 94/94 MP: 8/33
 86738 | Lair:8   | Identified Sif Muna's Grimoire of Orientation
 86745 | Lair:8   | Got a transparent dagger
 86746 | Lair:8   | Identified the +12,+6 dagger "Sudd" {elec, +Blink} (You found it on level 8 of the Lair of Beasts)
 87101 | Lair:1   | Paralysed by you for 4 turns
 87520 | D:13     | Found a deep blue altar of Sif Muna.
 87946 | D:14     | Entered Level 14 of the Dungeon
 88243 | D:14     | Noticed Kirke
 88668 | D:13     | Killed Kirke
 89422 | D:14     | Reached skill level 14 in Spellcasting
 92550 | D:15     | Entered Level 15 of the Dungeon
 92926 | D:15     | Found Zosmemim's Antique Weapon Boutique.
 94692 | D:15     | Found Utaraac's General Store.
 94699 | D:15     | Bought a scroll of blinking for 82 gold pieces
 94699 | D:15     | Bought a scroll of blinking for 82 gold pieces
 94699 | D:15     | Bought a book of Death for 1050 gold pieces
 94706 | D:15     | Learned a level 5 spell: Dispel Undead
 94713 | D:15     | Learned a level 6 spell: Bolt of Draining
 94789 | D:15     | Noticed Agnes
 94799 | D:15     | Slain by Agnes

Action                   |  1- 3 |  4- 6 |  7- 9 | 10-12 | 13-15 || total
-------------------------+-------+-------+-------+-------+-------++-------
Melee: Unarmed           |     9 |       |       |       |       ||     9
       Dagger            |     7 |       |       |       |    51 ||    58
       Short sword       |       |    18 |   213 |   363 |   496 ||  1090
Throw: Dagger            |       |       |     2 |     1 |     2 ||     5
       Club              |       |       |     1 |       |       ||     1
 Cast: Pain              |    65 |   206 |   420 |  1013 |   305 ||  2009
       Animate Skeleton  |    15 |    11 |       |       |       ||    26
       Animate Dead      |       |     7 |    59 |   135 |   198 ||   399
       Control Undead    |       |       |     7 |       |    12 ||    19
       Searing Ray       |       |       |     6 |       |       ||     6
       Airstrike         |       |       |       |   377 |  1669 ||  2046
       Bolt of Draining  |       |       |       |       |     3 ||     3
 Abil: Evoke Flight      |       |       |       |     3 |       ||     3
       Self-Restoration  |       |       |       |       |     1 ||     1
       Evoke Blink       |       |       |       |       |     1 ||     1
Evoke: Wand              |       |       |     2 |    13 |    15 ||    30
  Use: Scroll            |       |     7 |     8 |    15 |    14 ||    44
 Stab: Distracted        |       |       |       |     2 |     4 ||     6
       Sleeping          |       |       |       |     2 |     2 ||     4
